 Dungeon Crawl Stone Soup version 0.32-a0-30-gefbe487952 (webtiles) character file.

Game seed: 11010613972526937780

2055 kae the Insei (level 9, -2/44 HPs)
             Began as a Demonspawn Shapeshifter on Jan 19, 2024.
             Slain by a wight
             ... wielding a +3 scimitar
              (10 damage)
             ... on level 6 of the Dungeon.
             The game lasted 00:05:54 (5252 turns).

kae the Insei (Demonspawn Shapeshifter)             Turns: 5252, Time: 00:05:54

Health: -2/44      AC:  9    Str: 14    XL:     9   Next: 5%
Magic:  0/18       EV: 12    Int: 17    God:
Gold:   304        SH:  0    Dex: 18    Spells: 4/8 levels left

rFire   + .          .
                       - Unarmed
rCold   . . .        (shield currently unavailable)
rNeg    . . .        b - +5 leather armour of Yredelemnul's Envy {rF+ Int+7}
rPois   +            (helmet restricted)
rElec   .            (no cloak)
rCorr   .            (gloves currently unavailable)
SInv    .            (no boots)
Will    +....        (no amulet)
Stlth   +            W - ring of magical power
HPRegen 0.27/turn    f - ring of willpower
MPRegen 0.32/turn

%: guardian spirit
@: blade hands
A: reduced hp, antennae 2, slimy green scales 3, demonic guardian 1, magic
shield, magic regeneration
a: Begin Untransformation


You were on level 6 of the Dungeon.
You had blades for hands.
You visited 2 branches of the dungeon, and saw 7 of its levels.
You also visited: Ossuary.

You collected 304 gold pieces.


Innate Abilities, Weirdness & Mutations

You have blades for hands.
Your maximum health is decreased, since you lack skill for your form.
You are incapable of wielding weapons or throwing items.
You have a pair of antennae on your head.
You are completely covered in slimy green scales. (AC +4, rPois)
A weak demonic guardian rushes to your aid.
When hurt, damage is shared between your health and your magic reserves.
You regenerate magic rapidly.


   Skills:
 + Level 4.8 Fighting
 - Level 1.7 Dodging
 * Level 7.0 Unarmed Combat
 + Level 3.2 Translocations
 * Level 6.6 Shapeshifting


You had 4 spell levels left.
You knew the following spells:

 Your Spells              Type           Power      Damage    Failure   Level
a - Blink                 Tloc           22%        N/A       12%         2
b - Lesser Beckoning      Tloc           22%        N/A       12%         2

Your spell library contained the following spells:

 Spells                   Type           Power      Damage    Failure   Level
 Momentum Strike          Conj/Tloc      10%        3d8       24%         2
 Freeze                   Ice            0%         1d3       30%         1
 Passage of Golubria      Tloc           11%        N/A       61%         4
 Frozen Ramparts          Ice            0%         1d1       65%         3
 Hailstorm                Conj/Ice       0%         3d5       65%         3
 Ozocubu's Armour         Ice            0%         N/A       65%         3
 Stone Arrow              Conj/Erth      0%         3d7       65%         3
 Animate Armour           Summ/Erth      0%         N/A       96%         4
 Metabolic Englaciation   Hex/Ice        0%         N/A       100%        5
 Silence                  Hex/Air        0%         N/A       100%        5
 Sculpt Simulacrum        Ice/Alch       0%         N/A       100%        6
 Lehudib's Crystal Spear  Conj/Erth      0%         10d2      100%        8

Inventory:

Missiles
 l - 3 stones (quivered)
 m - 2 boomerangs
 B - 2 throwing nets {=f!f}
Armour
 a - a +1 animal skin
 b - the +5 leather armour of Yredelemnul's Envy (worn) {rF+ Int+7}
   (You found it on level 2 of the Dungeon)

   Int+7:     It affects your intelligence (+7).
   rF+:       It protects you from fire.
Magical Staves
 e - a staff of fire {!a}
   (You found it on level 1 of the Dungeon)
 v - a staff of earth {!a}
   (You found it on level 5 of the Dungeon)
Jewellery
 f - a ring of willpower (right blade hand)
   (You found it on level 4 of the Dungeon)
 w - a ring of magical power
   (You found it on level 6 of the Dungeon)
 R - a ring of resist corrosion
   (You found it on level 5 of the Dungeon)
 W - a ring of magical power (left blade hand)
   (You found it on level 1 of the Dungeon)
Talismans
 c - a beast talisman
 d - a flux talisman
 u - a blade talisman (active)
   (You found it on level 5 of the Dungeon)
 y - a maw talisman
   (You found it on level 5 of the Dungeon)
Wands
 q - a wand of mindburst (2)
   (You found it on level 4 of the Dungeon)
 C - a wand of polymorph (4)
   (You found it on level 6 of the Dungeon)
Scrolls
 g - 4 scrolls of noise {!r}
 j - a scroll of identify {@r1}
 o - 2 scrolls of fear
 t - a scroll of teleportation {@r4}
 A - a scroll of fog
Potions
 h - a potion of mutation {!q}
 i - 2 potions of heal wounds {@q2}
 k - 2 potions of might
 n - 3 potions of curing {@q1}
 p - 3 potions of lignification {!q}
 r - a potion of cancellation
 s - a potion of berserk rage {!q}
 x - a potion of haste {unknown}
 z - a potion of enlightenment {unknown}
 D - 2 potions of brilliance {unknown}

Dungeon Overview and Level Annotations

Branches:
Dungeon (6/15) Zot: 26508  Temple (1/1) D:5 Zot: 5940 Ossuary (visited)

Altars:
Cheibriados
Fedhas
Gozag
Kikubaaqudgha
Nemelex Xobeh
Okawaru
Sif Muna
Trog
Uskayaw
Vehumet
Xom
Yredelemnul

.............#..##...##...##..≈≈.
.....##.....##..##...##...##..##.
#######.....##..#....#.....#.....
.....##.........#.)..#.>...#†....
................##)).##..###'###.
................##...##..###.###.
................#)...#........+..
.....##.....##.......#........#..
.....##...♣♣♣♣♣Z@#...'.......####
.....##.♣♣♣...z5z#...#.......##..
.....♣♣♣♣....Z.Z♣#...##..######..
....♣♣ ...Z..♣♣#...##..##..##..
....♣ { ..♣♣♣♣♣+........#....#..
....♣ { .♣♣....#........'....#..
....♣ { ♣.....#....##..###'##.#
....♣ ♣.##..##...##..###.##.#
....♣ { ♣♣.##..##...##....#.....


You could see a spectral bullfrog, a spectral centaur (distracted, ally target),
2 wights, a wyvern zombie, a centaur zombie and a friendly white imp (summoned).


Message History

Your life force feels restored.
Your Unarmed Combat skill increases to level 7!
You have reached level 9!
Your experience leads to an increase in your attributes!
Your base attributes are Str 14, Int 10, Dex 16.
Increase (S)trength, (I)ntelligence, or (D)exterity?
You feel agile. x2; Your demonic ancestry asserts itself...
Slimy green scales cover your body completely. 😕 HP[+4]
You now have 43 max hp (+5).
You regained 4 hp, and now have 40/43 hp.
You slash the phantom! The phantom barely misses you.
The spectral centaur hits the withered plant.
The spectral centaur kicks the withered plant.
The wyvern zombie misses you.
You closely miss the phantom. Your slash misses the phantom.
The spectral centaur hits the withered plant.
The spectral centaur kicks the withered plant.
The spectral bullfrog hits the withered plant!
The phantom hits you but does no damage.
The wyvern zombie bites you! 😕 HP[-6] MP[-1]
You take 6 damage, and now have 34/43 hp.
You lost 1 mp, and now have 13/18 mp.
You hit the phantom.
The spectral bullfrog hits the withered plant.
The spectral centaur hits the withered plant.
The spectral centaur kicks the withered plant.
The phantom closely misses you. The wyvern zombie barely misses you.
The spectral centaur hits the withered plant.
The spectral centaur kicks the withered plant.
You hit the phantom. You slash the phantom!
The withered plant crumbles away.
The wyvern zombie bites you but does no damage.
A wight comes into view. It is wielding a +3 falchion.
The phantom barely misses you.
You hit the phantom. The wyvern zombie closely misses you.
The phantom closely misses you.
You barely miss the phantom.
The spectral centaur hits you but does no damage.
The spectral centaur kicks you but does no damage.
The wyvern zombie barely misses you. The phantom hits you. 😮 HP[-2]
You take 2 damage, and now have 32/43 hp.
You slash the phantom!
You destroy the phantom!
The spectral centaur hits you.
A demonic guardian appears!
The spectral centaur barely misses you.
The spectral bullfrog barely misses your white imp.
The wyvern zombie bites you! The spectral centaur hits you.
The spectral centaur kicks you but does no damage.
The spectral bullfrog hits your white imp but does no damage.
You are too injured to fight recklessly! 😮 HP[-8] MP[-4]
You now have 44 max hp (+1).
You take 8 damage, and now have 24/44 hp.
You lost 4 mp, and now have 9/18 mp.
You are too injured to fight recklessly!
You are too injured to fight recklessly!
You are too injured to fight recklessly!
You are too injured to fight recklessly!
You are too injured to fight recklessly!
You are too injured to fight recklessly!
Unknown command.
You hit the spectral centaur but do no damage.
The wyvern zombie bites you!
* * * LOW HITPOINT WARNING * * *
The spectral bullfrog misses your white imp.
A centaur zombie comes into view.
The wyvern zombie bites you!
* * * LOW HITPOINT WARNING * * *
😱 HP[-14] MP[-5]
You take 14 damage, and now have 10/44 hp.
MASSIVE DAMAGE!! (PAUSE)
You lost 5 mp, and now have 4/18 mp.
You hit the wight but do no damage.
The spectral centaur closely misses your white imp. x2
Your white imp hits the spectral bullfrog.
Your white imp freezes the spectral bullfrog.
The spectral bullfrog resists.
The spectral bullfrog closely misses your white imp.
The wyvern zombie closely misses you. 😱 MP[+1] Unknown command.
You hit the wight. Your slash misses the wight.
The spectral centaur hits your white imp.
The spectral centaur misses your white imp.
The spectral bullfrog hits your white imp.
Your white imp hits the spectral centaur but does no damage.
The wight closely misses you. The wyvern zombie closely misses you.
The spectral centaur hits your white imp.
The spectral centaur kicks your white imp but does no damage.
You barely miss the wight.
The spectral centaur hits your white imp but does no damage.
The spectral centaur kicks your white imp but does no damage.
Your white imp gestures at the spectral centaur.
The puff of frost hits the spectral centaur.
The spectral centaur resists.
The wyvern zombie bites you.
* * * LOW HITPOINT WARNING * * *
The wight hits you with a +3 scimitar!
You die...

Skill      XL: |  1  2  3  4  5  6  7  8 |
---------------+-------------------------+-----
Unarmed Combat | 3 4 5 7 |  7.0
Shapeshifting  | 3 4 5 6 |  6.6
Fighting       | 2 3 4 |  4.8
Translocations | 2 3 |  3.2
Dodging        | |  1.7

Action                     |  1- 3 |  4- 6 |  7- 9 || total
---------------------------+-------+-------+-------++-------
  Melee: Unarmed           |   113 |   233 |   175 ||   521
         Punch             |     1 |    11 |    13 ||    25
  Evoke: Wand              |       |       |     3 ||     3
    Use: Scroll            |     1 |    11 |     1 ||    13
         Potion            |     1 |     3 |       ||     4
 Armour: Animal skin       |    50 |       |       ||    50
         Skin              |    16 |       |       ||    16
         Leather armour    |     6 |   156 |   123 ||   285
  Dodge: Dodged            |    75 |   149 |   117 ||   341
   Form: Blade             |       |       |     1 ||     1
         Maw               |       |       |     1 ||     1

Levels and vault maps discovered:
D:1:      spicycebolla_arrival_ecumenical, layout_basic, st_stairs_9
D:2:      layout_basic, uniq_robin
D:3:      layout_rooms, lemuel_round_altar, minivault_11
D:4:      layout_gridville, tgw_trog, nicolae_ossuary_entry_plus,
          serial_bayou_lagoon_a
D:5:      layout_rooms, nicolae_overflow_crystal_walls,
          mainiacjoe_overflow_surrounded_room, minmay_temple_entry_trees
D:6:      layout_gridville, kennysheep_mini_moat, dilly_guarded_unrand_morg
Temple:   chequers_temple_sunken

Notes
Turn   | Place    | Note
-------+----------+-------------------------------------------
     0 | D:1      | kae the Demonspawn Shapeshifter began the quest for the
                  | Orb.
     0 | D:1      | Reached XP level 1. HP: 15/15 MP: 1/1
     0 | D:1      | magus.rc [v1.11.3]
   120 | D:1      | Gained mutation: You regenerate magic rapidly. [demonic
                  | ancestry]
   120 | D:1      | Reached XP level 2. HP: 19/21 MP: 2/2
   202 | D:1      | You pick up a book of Armaments and begin reading...
   202 | D:1      | You add the spells Stone Arrow, Animate Armour and
                  | Lehudib's Crystal Spear to your library.
   220 | D:1      | Reached skill level 3 in Unarmed Combat
   220 | D:1      | Reached skill level 3 in Shapeshifting
  1071 | D:2      | Gained mutation: You have a pair of small antennae on your
                  | head. [demonic ancestry]
  1071 | D:2      | Reached XP level 3. HP: 26/26 MP: 3/3
  1091 | D:2      | Identified the +5 leather armour of Yredelemnul's Envy {rF+
                  | Int+7}
  1096 | D:2      | Noticed Robin
  1124 | D:2      | Killed Robin
  1539 | D:2      | You pick up a book of the Moon and begin reading...
  1539 | D:2      | You add the spells Passage of Golubria and Silence to your
                  | library.
  1554 | D:2      | Gained mutation: You are partially covered in slimy green
                  | scales. (AC +2) [demonic ancestry]
  1554 | D:2      | Reached XP level 4. HP: 33/33 MP: 4/4
  1899 | D:3      | Found a shimmering altar of Xom.
  1904 | D:3      | Reached skill level 2 in Fighting
  1920 | D:3      | HP: 4/33 [gnoll/+0 halberd (12)]
  2226 | D:3      | Reached skill level 4 in Unarmed Combat
  2226 | D:3      | Gained mutation: You are mostly covered in slimy green
                  | scales. (AC +3) [demonic ancestry]
  2226 | D:3      | Reached XP level 5. HP: 21/39 MP: 5/5
  2726 | D:4      | You pick up a book of Spatial Translocations and begin
                  | reading...
  2726 | D:4      | You add the spells Blink, Momentum Strike and Lesser
                  | Beckoning to your library.
  2748 | D:4      | Found a sand-covered staircase.
  2756 | Ossuary  | Entered an ossuary
  2786 | Ossuary  | Reached skill level 4 in Shapeshifting
  2928 | Ossuary  | Gained mutation: A weak demonic guardian rushes to your
                  | aid. [demonic ancestry]
  2928 | Ossuary  | Reached XP level 6. HP: 36/46 MP: 6/6
  3234 | D:4      | Learned a level 2 spell: Blink
  3237 | D:4      | Learned a level 2 spell: Lesser Beckoning
  3292 | D:4      | Reached skill level 3 in Fighting
  3395 | D:4      | You pick up a book of Frost and begin reading...
  3395 | D:4      | You add the spells Freeze, Frozen Ramparts and Hailstorm to
                  | your library.
  3576 | D:4      | Gained mutation: When hurt, damage is shared between your
                  | health and your magic reserves. [demonic ancestry]
  3576 | D:4      | Reached XP level 7. HP: 38/52 MP: 7/7
  3647 | D:4      | Reached skill level 5 in Unarmed Combat
  3682 | D:4      | Noticed a moth of wrath
  3685 | D:4      | Found a bloodstained altar of Trog.
  3832 | D:5      | Entered Level 5 of the Dungeon
  3845 | D:5      | Reached skill level 1 in Translocations
  3875 | D:5      | Reached skill level 5 in Shapeshifting
  4208 | D:5      | Found a snail-covered altar of Cheibriados.
  4250 | D:5      | Reached skill level 2 in Translocations
  4250 | D:5      | Gained mutation: You have a pair of antennae on your head.
                  | [demonic ancestry]
  4250 | D:5      | Reached XP level 8. HP: 60/60 MP: 8/8
  4340 | D:5      | Found a staircase to the Ecumenical Temple.
  4354 | D:5      | Reached skill level 4 in Fighting
  4364 | Temple   | Entered the Ecumenical Temple
  4481 | D:5      | Found a hide-covered altar of Uskayaw.
  4502 | D:5      | Reached skill level 6 in Unarmed Combat
  4837 | D:6      | Reached skill level 6 in Shapeshifting
  5019 | D:6      | You pick up a book of Winter and begin reading...
  5019 | D:6      | You add the spells Ozocubu's Armour, Metabolic Englaciation
                  | and Sculpt Simulacrum to your library.
  5022 | D:6      | Found a radiant altar of Vehumet.
  5084 | D:6      | Reached skill level 3 in Translocations
  5242 | D:6      | Reached skill level 7 in Unarmed Combat
  5242 | D:6      | Gained mutation: You are completely covered in slimy green
                  | scales. (AC +4, rPois) [demonic ancestry]
  5242 | D:6      | Reached XP level 9. HP: 40/67 MP: 9/9
  5249 | D:6      | HP: 10/44 [wyvern zombie (9)]
  5252 | D:6      | Slain by a wight

Vanquished Creatures
  A shadow (D:5)
  3 ice beasts
  2 ogres
  3 phantoms
  A necrophage (D:6)
  A gnoll sergeant (D:6)
  5 scorpions (D:5)
  3 wights
  A burial acolyte (Ossuary)
  4 bombardier beetles
  A hound (D:6)
  2 orc priests (D:4)
  2 iguanas
  An orc wizard (D:6)
  A mummy (Ossuary)
  Robin (D:2)
  6 gnolls
  7 adders
  A shadow imp (D:4)
  3 ufetubi
  2 dart slugs
  8 ribbon worms
  7 orcs
  8 ball pythons
  13 bats
  4 endoplasms
  4 giant cockroaches
  4 hobgoblins
  4 kobolds
  3 quokkas
  2 frilled lizards
  7 gnoll skeletons (Ossuary)
  14 goblins
  4 kobold skeletons (Ossuary)
  9 orc skeletons (Ossuary)
  5 rats
147 creatures vanquished.

Vanquished Creatures (collateral kills)
  A gnoll (D:6)
  An ufetubus (D:5)
  2 orcs (D:4)
4 creatures vanquished.

Grand Total: 151 creatures vanquished

Table legend:
 A = Non-vault XP
 B = Vault XP
 C = Vault XP percentage of total XP
 D = Non-vault monster count
 E = Vault monster count
 F = Vault count percentage of total count
                 A         B        C        D         E       F
            +---------+---------+-------+---------+---------+-------
      Total |    2353 |     584 |  19.9 |     105 |      46 |  30.5
            +---------+---------+-------+---------+---------+-------
        D:1 |      28 |       3 |   9.7 |      17 |       3 |  15.0
        D:2 |      38 |      34 |  47.2 |      14 |      11 |  44.0
        D:3 |     152 |       0 |   0.0 |      23 |       0 |   0.0
        D:4 |     244 |      15 |   5.8 |      19 |       5 |  20.8
        D:5 |    1156 |       0 |   0.0 |      16 |       0 |   0.0
        D:6 |     735 |     277 |  27.4 |      16 |       3 |  15.8
    Ossuary |       0 |     255 | 100.0 |       0 |      24 | 100.0
            +---------+---------+-------+---------+---------+-------

Skill      XL: |  1  2  3  4  5  6  7  8 |
---------------+-------------------------+-----
Unarmed Combat | 3 4 5 7 |  7.0
Shapeshifting  | 3 4 5 6 |  6.6
Fighting       | 2 3 4 |  4.8
Translocations | 2 3 |  3.2
Dodging        | |  1.7

Action                     |  1- 3 |  4- 6 |  7- 9 || total
---------------------------+-------+-------+-------++-------
  Melee: Unarmed           |   113 |   233 |   175 ||   521
         Punch             |     1 |    11 |    13 ||    25
  Evoke: Wand              |       |       |     3 ||     3
    Use: Scroll            |     1 |    11 |     1 ||    13
         Potion            |     1 |     3 |       ||     4
 Armour: Animal skin       |    50 |       |       ||    50
         Skin              |    16 |       |       ||    16
         Leather armour    |     6 |   156 |   123 ||   285
  Dodge: Dodged            |    75 |   149 |   117 ||   341
   Form: Blade             |       |       |     1 ||     1
         Maw               |       |       |     1 ||     1

Illustrated notes

Table legend:
 A = Kills in this place as a percentage of kills in the entire game.
 B = Kills by you in this place as a percentage of kills by you in the entire game.
 C = Kills by friends in this place as a percentage of kills by friends in the entire game.
 D = Other kills in this place as a percentage of other kills in the entire game.
 E = Experience gained in this place as a percentage of experience gained in the entire game.
 F = Experience gained in this place divided by the number of levels of this place that you have seen.
                   A       B       C       D       E      F
               +-------+-------+-------+-------+-------+----------------------
         Total | 100.0 | 100.0 | 100.0 |   N/A | 100.0 | 367.1
       Dungeon |  84.1 |  83.7 | 100.0 |   N/A |  91.3 | 447.0
       Ossuary |  15.9 |  16.3 |   0.0 |   N/A |   8.7 | 255.0
               +-------+-------+-------+-------+-------+----------------------

Table legend: (Time is in decaauts)
 A = Elapsed time spent in this place.
 B = Non-inter-level travel time spent in this place.
 C = Inter-level travel time spent in this place.
 D = Time resting spent in this place.
 E = Time spent auto-exploring this place.
 F = Levels seen in this place.
 G = Mean time per level.
                   A        B        C        D        E       F      G
               +--------+--------+--------+--------+--------+-----+--------+
         Total |   5219 |   5100 |    119 |    404 |   3490 |   8 |  652.4 |
       Dungeon |   4784 |   4674 |    110 |    404 |   3238 |   6 |  797.3 |
        Temple |     59 |     50 |      9 |      0 |      7 |   1 |   59.0 |
       Ossuary |    375 |    375 |      0 |      0 |    245 |   1 |  375.0 |
               +--------+--------+--------+--------+--------+-----+--------+

Top non-repeatable levels by time:
     D:3: 960 daAuts
     D:1: 914 daAuts
     D:2: 880 daAuts
     D:5: 861 daAuts
     D:4: 677 daAuts
     D:6: 490 daAuts
 Ossuary: 375 daAuts
  Temple: 59 daAuts
